SR
CAPITAL HILL INTERNS @ ELLESMERE ISLAND SNOWPEOPLE
05/13/2042
 
TOP OF THE 1ST
Capital Hill Interns batting - Pitching for Ellesmere Island Snowpeople : LHP Ikaia Duncalf
Pitching: LHP Ikaia Duncalf
Batting: RHB Javier García 0-0: Called Strike
0-1: Foul Ball, location: 2F
0-2: Ball
1-2: Strikes out looking
Batting: RHB Devin Shaw 0-0: Foul Ball, location: 2F
0-1: Ball
1-1: Foul Ball, location: 2F
1-2: Foul Ball, location: 2F
1-2: Fly out, F8 (Line Drive, 8RM, EV 87.5 MPH)
Batting: RHB Calvin Myrick 0-0: Ground out 5-3 (Groundball, 5, EV 85.6 MPH)
Top of the 1st over - 0 runs, 0 hits, 0 errors, 0 left on base; Capital Hill 0 - Ellesmere Island 0
BOTTOM OF THE 1ST
Ellesmere Island Snowpeople batting - Pitching for Capital Hill Interns : RHP Vladsislas Meierhold
Pitching: RHP Vladsislas Meierhold
Batting: RHB Red Greene 0-0: Ball
1-0: Ball
2-0: Bunt for hit to 25 - play at first, batter safe!
Batting: SHB Clive Edney 0-0: Ball
1-0: Ball
2-0: Called Strike
2-1: DOUBLE (Line Drive, 89M, EV 94.4 MPH)
Red Greene to third
Runner from 3rd tries for Home, SAFE, throw by CF to trailing runner, SAFE at third!
Batting: RHB Donald White 0-0: Called Strike
0-1: Fly out, F7 (Flyball, 7, EV 93.8 MPH)
Runner from 3rd tags up, SCORES, throw by LF
Batting: RHB Ramón Rodríguez 0-0: Called Strike
0-1: Fly out, F7 (Flyball, 78M, EV 71.9 MPH)
Batting: LHB James Moya 0-0: Ground out 4-3 (Groundball, 4S, EV 85.6 MPH)
Bottom of the 1st over - 2 runs, 2 hits, 0 errors, 0 left on base; Capital Hill 0 - Ellesmere Island 2
TOP OF THE 2ND
Capital Hill Interns batting - Pitching for Ellesmere Island Snowpeople : LHP Ikaia Duncalf
Batting: RHB Carlos Cardenas 0-0: Called Strike
0-1: Ball
1-1: Called Strike
1-2: Strikes out swinging
Batting: RHB Javier Cunchillos 0-0: Ball
1-0: Foul Ball, location: 2F
1-1: Ball
2-1: Called Strike
2-2: Ground out 6-3 (Groundball, 6, EV 106.9 MPH)
Batting: SHB Anthony Barker 0-0: Ball
1-0: Called Strike
1-1: Ball
2-1: Foul Ball, location: 2F
2-2: Strikes out swinging
Top of the 2nd over - 0 runs, 0 hits, 0 errors, 0 left on base; Capital Hill 0 - Ellesmere Island 2
BOTTOM OF THE 2ND
Ellesmere Island Snowpeople batting - Pitching for Capital Hill Interns : RHP Vladsislas Meierhold
Batting: RHB Ron Jackson 0-0: Fly out, F9 (Flyball, 9D, EV 104.4 MPH)
Batting: RHB Frank Steeneveld 0-0: Ball
1-0: Ball
2-0: Ball
3-0: Base on Balls
Batting: RHB Ramón Rodríguez 0-0: SINGLE (Flyball, 8LS, EV 85.0 MPH)
Frank Steeneveld to second
Batting: LHB Robin Tremayne 0-0: Called Strike
0-1: Ball
1-1: Fly out, F2 (Popup, 5SF, EV 88.8 MPH)
Batting: RHB Red Greene 0-0: Foul Ball, location: 2F
0-1: Ball
1-1: Ball
2-1: Foul Ball, location: 2F
2-2: Ball
3-2: Base on Balls
Frank Steeneveld to third
Ramón Rodríguez to second
Batting: SHB Clive Edney 0-0: Swinging Strike
0-1: SINGLE (Groundball, 34D, EV 96.9 MPH)
Frank Steeneveld scores
Ramón Rodríguez to third
Red Greene to second
Runner from 3rd tries for Home, SAFE, throw by RF to home
Batting: RHB Donald White 0-0: Called Strike
0-1: Ball
1-1: Foul Ball, location: 2F
1-2: Foul Ball, location: 2F
1-2: Ball
2-2: Foul Ball, location: 2F
2-2: SINGLE (Groundball, 5S, EV 66.2 MPH) (infield hit)
Red Greene to third
Clive Edney to second
Batting: RHB Ramón Rodríguez 0-0: Called Strike
0-1: Ball
1-1: Ball
2-1: Ball
3-1: Called Strike
3-2: Foul Ball, location: 2F
3-2: Strikes out looking
Bottom of the 2nd over - 2 runs, 3 hits, 0 errors, 3 left on base; Capital Hill 0 - Ellesmere Island 4
TOP OF THE 3RD
Capital Hill Interns batting - Pitching for Ellesmere Island Snowpeople : LHP Ikaia Duncalf
Batting: SHB Andrew Reed 0-0: Ball
1-0: Fly out, F9 (Line Drive, 9D, EV 92.5 MPH)
Batting: RHB Jim Hanson 0-0: Called Strike
0-1: Ball
1-1: Ball
2-1: Fly out, F2 (Popup, 23F, EV 86.9 MPH)
Batting: LHB Ernesto Pájaro 0-0: Ball
1-0: Ground out 4-3 (Groundball, 34D, EV 102.5 MPH)
Top of the 3rd over - 0 runs, 0 hits, 0 errors, 0 left on base; Capital Hill 0 - Ellesmere Island 4
BOTTOM OF THE 3RD
Ellesmere Island Snowpeople batting - Pitching for Capital Hill Interns : RHP Vladsislas Meierhold
Batting: LHB James Moya 0-0: Ball
1-0: Ball
2-0: Ball
3-0: Called Strike
3-1: Base on Balls
Batting: RHB Ron Jackson 0-0: Ball
1-0: Ball
2-0: Called Strike
2-1: Ball
3-1: Foul Ball, location: 2F
3-2: Foul Ball, location: 2F
3-2: Strikes out swinging
Batting: RHB Frank Steeneveld 0-0: Ball
1-0: Ground out 5-3 (Groundball, 56S, EV 63.1 MPH)
James Moya to second
Batting: RHB Ramón Rodríguez 0-0: Ball
1-0: Called Strike
1-1: Ball
2-1: Foul Ball, location: 2F
2-2: Strikes out looking
Bottom of the 3rd over - 0 runs, 0 hits, 0 errors, 1 left on base; Capital Hill 0 - Ellesmere Island 4
TOP OF THE 4TH
Capital Hill Interns batting - Pitching for Ellesmere Island Snowpeople : LHP Ikaia Duncalf
Batting: RHB Javier García 0-0: Called Strike
0-1: Fly out, F9 (Flyball, 9, EV 81.2 MPH)
Batting: RHB Devin Shaw 0-0: SINGLE (Line Drive, 7LS, EV 88.8 MPH)
Batting: RHB Calvin Myrick 0-0: Called Strike
0-1: Foul Ball, location: 2F
0-2: Ball
1-2: Ball
Devin Shaw steals 2nd base (no throw)
2-2: Foul Ball, location: 2F
2-2: Ball
3-2: Foul Ball, location: 2F
3-2: Base on Balls
Batting: RHB Carlos Cardenas 0-0: Called Strike
0-1: Ball
1-1: Ball
2-1: Called Strike
2-2: Ball
3-2: Foul Ball, location: 2F
3-2: Foul Ball, location: 2F
3-2: Foul Ball, location: 2F
3-2: Fielders Choice at 2nd, 5-4 (Groundball, 56S, EV 87.5 MPH)
Devin Shaw to third
Batting: RHB Javier Cunchillos 0-0: DOUBLE (Line Drive, 78M, EV 91.2 MPH)
Devin Shaw scores
Carlos Cardenas to third
Runner from 3rd tries for Home, SAFE, no throw by LF
Pinch Runner at 2nd Ken Irwin:
Batting: SHB Anthony Barker 0-0: Ball
1-0: Called Strike
1-1: Foul Ball, location: 2F
1-2: Ball
2-2: Foul Ball, location: 2F
2-2: Strikes out swinging
Top of the 4th over - 2 runs, 2 hits, 0 errors, 1 left on base; Capital Hill 2 - Ellesmere Island 4
BOTTOM OF THE 4TH
Ellesmere Island Snowpeople batting - Pitching for Capital Hill Interns : RHP Vladsislas Meierhold
Now at 1B: Burton Thomas
Batting: LHB Robin Tremayne 0-0: Foul Ball, location: 2F
0-1: Ball
1-1: Ball
2-1: Fly out, F7 (Flyball, 7D, EV 95.6 MPH)
Batting: RHB Red Greene 0-0: Called Strike
0-1: Called Strike
0-2: Strikes out swinging
Batting: SHB Clive Edney 0-0: Ball
1-0: Ball
2-0: Ball
3-0: Swinging Strike
3-1: Foul Ball, location: 2F
3-2: Ground out 4-3 (Groundball, 4, EV 87.5 MPH)
Bottom of the 4th over - 0 runs, 0 hits, 0 errors, 0 left on base; Capital Hill 2 - Ellesmere Island 4
TOP OF THE 5TH
Capital Hill Interns batting - Pitching for Ellesmere Island Snowpeople : LHP Ikaia Duncalf
Batting: SHB Andrew Reed 0-0: Fly out, F3 (Popup, 3F, EV 58.1 MPH)
Batting: RHB Jim Hanson 0-0: Ground out 4-3 (Groundball, 4, EV 91.2 MPH)
Batting: LHB Ernesto Pájaro 0-0: Foul Ball, location: 2F
0-1: Ball
1-1: Foul Ball, location: 2F
1-2: Ball
2-2: Fly out, F8 (Flyball, 8LXD, EV 97.5 MPH)
Top of the 5th over - 0 runs, 0 hits, 0 errors, 0 left on base; Capital Hill 2 - Ellesmere Island 4
BOTTOM OF THE 5TH
Ellesmere Island Snowpeople batting - Pitching for Capital Hill Interns : RHP Vladsislas Meierhold
Batting: RHB Donald White 0-0: Ball
1-0: Ground out 6-3 (Groundball, 6, EV 86.2 MPH)
Batting: RHB Ramón Rodríguez 0-0: Ball
1-0: Called Strike
1-1: Ball
2-1: Called Strike
2-2: Foul Ball, location: 2F
2-2: Ground out 4-3 (Groundball, 4MS, EV 82.5 MPH)
Batting: LHB James Moya 0-0: Ball
1-0: Ball
2-0: Ball
3-0: Base on Balls
Batting: RHB Ron Jackson 0-0: Fly out, F8 (Flyball, 78D, EV 106.2 MPH)
Bottom of the 5th over - 0 runs, 0 hits, 0 errors, 1 left on base; Capital Hill 2 - Ellesmere Island 4
TOP OF THE 6TH
Capital Hill Interns batting - Pitching for Ellesmere Island Snowpeople : LHP Ikaia Duncalf
Batting: RHB Javier García 0-0: Swinging Strike
0-1: Ball
1-1: Called Strike
1-2: Strikes out swinging
Batting: RHB Devin Shaw 0-0: Called Strike
0-1: Swinging Strike
0-2: Ball
1-2: Ball
2-2: Ball
3-2: Foul Ball, location: 2F
3-2: SINGLE (Line Drive, 7S, EV 95.6 MPH)
Batting: RHB Calvin Myrick 0-0: Ball
1-0: Called Strike
1-1: Called Strike
1-2: DOUBLE (Line Drive, 89D, EV 100.0 MPH)
Devin Shaw to third
Batting: RHB Carlos Cardenas 0-0: Ball
1-0: Called Strike
1-1: Ball
2-1: Ball
3-1: Swinging Strike
3-2: Fly out, F8 (Flyball, 8RXD, EV 93.1 MPH)
Runner from 3rd tags up, SCORES, no throw by CF
Batting: RHB Burton Thomas 0-0: Ball
1-0: Called Strike
1-1: Fly out, F9 (Flyball, 89S, EV 91.9 MPH)
Top of the 6th over - 1 run, 2 hits, 0 errors, 1 left on base; Capital Hill 3 - Ellesmere Island 4
BOTTOM OF THE 6TH
Ellesmere Island Snowpeople batting - Pitching for Capital Hill Interns : RHP Vladsislas Meierhold
Batting: RHB Frank Steeneveld 0-0: Called Strike
0-1: Called Strike
0-2: Ball
1-2: Strikes out swinging
Batting: RHB Ramón Rodríguez 0-0: Called Strike
0-1: Ball
1-1: Ball
2-1: Called Strike
2-2: Ground out 1-3 (Groundball, 34S, EV 90.0 MPH)
Batting: LHB Robin Tremayne 0-0: Ball
1-0: Called Strike
1-1: SINGLE (Groundball, 6D, EV 100.6 MPH)
Pitching: LHP Zier Kenselaar
Batting: RHB Red Greene 0-0: Ball
1-0: Ball
2-0: Foul Ball, location: 2F
2-1: Swinging Strike
2-2: Foul Ball, location: 2F
2-2: Foul Ball, location: 2F
2-2: Strikes out swinging
Bottom of the 6th over - 0 runs, 1 hit, 0 errors, 1 left on base; Capital Hill 3 - Ellesmere Island 4
TOP OF THE 7TH
Capital Hill Interns batting - Pitching for Ellesmere Island Snowpeople : LHP Ikaia Duncalf
Batting: SHB Anthony Barker 0-0: Called Strike
0-1: Swinging Strike
0-2: Ball
1-2: Strikes out swinging
Batting: SHB Andrew Reed 0-0: Ball
1-0: Fly out, F4 (Popup, 34S, EV 88.8 MPH)
Batting: RHB Jim Hanson 0-0: Fly out, F8 (Flyball, 8RM, EV 76.9 MPH)
Top of the 7th over - 0 runs, 0 hits, 0 errors, 0 left on base; Capital Hill 3 - Ellesmere Island 4
BOTTOM OF THE 7TH
Ellesmere Island Snowpeople batting - Pitching for Capital Hill Interns : LHP Zier Kenselaar
Batting: SHB Clive Edney 0-0: Ball
1-0: Foul Ball, location: 2F
1-1: Ball
2-1: Foul Ball, location: 2F
2-2: SINGLE (Line Drive, 8RS, EV 91.2 MPH)
Batting: RHB Donald White 0-0: Ball
1-0: Called Strike
1-1: Fly out, F9 (Flyball, 9, EV 79.4 MPH)
Batting: RHB Ramón Rodríguez 0-0: Foul Ball, location: 2F
0-1: Ball
1-1: Fly out, F9 (Flyball, 9, EV 77.5 MPH)
Batting: LHB James Moya 0-0: Ball
1-0: Foul Ball, location: 2F
1-1: DOUBLE (Groundball, 3L, EV 101.9 MPH)
Clive Edney to third
Runner from 3rd tries for Home, throw by RF and OUT! 9-4-2
Bottom of the 7th over - 0 runs, 2 hits, 0 errors, 1 left on base; Capital Hill 3 - Ellesmere Island 4
TOP OF THE 8TH
Capital Hill Interns batting - Pitching for Ellesmere Island Snowpeople : LHP Ikaia Duncalf
Now at C: Sergio Herrera
Batting: LHB Ernesto Pájaro 0-0: Ball
1-0: Called Strike
1-1: Foul Ball, location: 2F
1-2: Fly out, F6 (Flyball, 56D, EV 76.2 MPH)
Batting: RHB Javier García 0-0: Foul Ball, location: 2F
0-1: Ball
1-1: Ball
2-1: Foul Ball, location: 2F
2-2: Ball
3-2: Fly out, F7 (Flyball, 7S, EV 83.1 MPH)
Batting: RHB Devin Shaw 0-0: Ball
1-0: Called Strike
1-1: Foul Ball, location: 2F
1-2: SINGLE (Line Drive, 89M, EV 86.9 MPH)
Batting: RHB Calvin Myrick 0-0: Called Strike
0-1: SINGLE (Groundball, 56D, EV 108.8 MPH)
Devin Shaw to second
Pitching: LHP Luis Ornelas
Batting: RHB Carlos Cardenas 0-0: Foul Ball, location: 2F
0-1: Ground out U3 (Groundball, 3, EV 103.8 MPH)
Top of the 8th over - 0 runs, 2 hits, 0 errors, 2 left on base; Capital Hill 3 - Ellesmere Island 4
BOTTOM OF THE 8TH
Ellesmere Island Snowpeople batting - Pitching for Capital Hill Interns : LHP Zier Kenselaar
Batting: RHB Ron Jackson 0-0: Ball
1-0: Called Strike
1-1: Ball
2-1: Fly out, F3 (Popup, 23F, EV 81.2 MPH)
Batting: RHB Frank Steeneveld 0-0: Ball
1-0: Foul Ball, location: 2F
1-1: Ground out 4-3 (Groundball, 34, EV 82.5 MPH)
Batting: RHB Ramón Rodríguez 0-0: Fly out, F8 (Flyball, 8RXD, EV 101.2 MPH)
Bottom of the 8th over - 0 runs, 0 hits, 0 errors, 0 left on base; Capital Hill 3 - Ellesmere Island 4
TOP OF THE 9TH
Capital Hill Interns batting - Pitching for Ellesmere Island Snowpeople : LHP Luis Ornelas
Pinch Hitting: RHB Jerry Ray 0-0: Called Strike
0-1: Foul Ball, location: 2F
0-2: Foul Ball, location: 2F
0-2: Foul Ball, location: 2F
0-2: Ball
1-2: Foul Ball, location: 2F
1-2: Ground out 6-3 (Groundball, 6, EV 96.9 MPH)
Batting: SHB Anthony Barker 0-0: Ball
1-0: Swinging Strike
1-1: Ball
2-1: Foul Ball, location: 2F
2-2: Strikes out looking
Batting: SHB Andrew Reed 0-0: Called Strike
0-1: Ball
1-1: SINGLE (Line Drive, 9S, EV 107.5 MPH)
Batting: RHB Jim Hanson 0-0: Swinging Strike
0-1: Foul Ball, location: 2F
0-2: Strikes out looking
Top of the 9th over - 0 runs, 1 hit, 0 errors, 1 left on base; Capital Hill 3 - Ellesmere Island 4
Friday, March 26th, 2021 - OOTP Baseball 20.8 Build 74